[Event "Titled Tuesday Blitz December 06 Late 2022"]
[White "Souleidis, Georgios"]
[Black "Erdogmus, Yagiz Kaan"]
[WhiteFideId "4206827"]
[BlackFideId "44599790"]
[WhiteElo "2401"]
[BlackElo "2353"]
[Result "1-0"]
[Round "06"]
[TimeControl "180+1"]
[Date "2022.12.06"]
[WhiteClock "0:00:19"]
[BlackClock "0:00:01"]

1. e4 e5 2. Nc3 Nf6 3. d4 exd4 4. Qxd4 Nc6 5. Qd3 Bb4 6. Bd2 O-O 7. O-O-O Re8 8. Nge2 d6 9. Bg5 h6 10. Bxf6 Qxf6 11. Nd5 Qd8 12. Nxb4 Nxb4 13. Qd2 Rxe4 14. f3 Rc4 15. Nd4 Rxd4 16. Qxd4 a5 17. a3 Nc6 18. Qd2 Be6 19. Bb5 Ne7 20. Rhe1 Ng6 21. f4 Nh4 22. Qf2 c6 23. Bd3 Bd5 24. g3 Nf3 25. Re3 Nd4 26. c4 Be6 27. f5 Bd7 28. g4 Qg5 29. h3 Re8 30. Re1 Re5 31. Kb1 f6 32. Rxe5 fxe5 33. c5 Qf6 34. cxd6 Qxd6 35. Bc4+ Kh7 36. Qe3 Qc5 37. Bd3 Nb3 38. f6+ 1-0


[Site "https://www.chess.com"]

[Event "Titled Tuesday Blitz December 06 Late 2022"]
[White "Stanisz, Patryk"]
[Black "Papayan, Oleg"]
[WhiteFideId "1123106"]
[BlackFideId "4193911"]
[WhiteElo "2069"]
[BlackElo "2153"]
[Result "0-1"]
[Round "06"]
[TimeControl "180+1"]
[Date "2022.12.07"]
[WhiteClock "0:00:09"]
[BlackClock "0:00:10"]

1. d4 Nf6 2. c4 e6 3. Nc3 Bb4 4. e3 O-O 5. Ne2 c6 6. a3 Ba5 7. b4 Bc7 8. Nf4 d5 9. cxd5 exd5 10. g3 a5 11. Rb1 axb4 12. axb4 b5 13. Bg2 Bf5 14. Rb2 Nbd7 15. O-O Nb6 16. Nd3 Nc4 17. Re2 Bxd3 18. Qxd3 Bd6 19. e4 Bxb4 20. exd5 Bxc3 21. Qxc3 Nxd5 22. Qd3 Re8 23. h4 Qd7 24. h5 h6 25. Rfe1 Rxe2 26. Qxe2 Nf6 27. Bf3 Re8 28. Qd1 Rxe1+ 29. Qxe1 Qxd4 30. Kg2 c5 31. Qe7 b4 32. g4 b3 33. g5 hxg5 34. Bxg5 b2 35. Bxf6 Qxf6 36. Qe8+ Kh7 37. Be4+ g6 38. hxg6+ fxg6 39. Qd7+ Kh6 40. Qh3+ Kg5 41. Qg3+ Kh5 42. Qh3+ Qh4 43. Bf3+ Kg5 44. Qe6 b1=Q 45. Qe7+ Kf5 46. Qxh4 Qd3 47. Qg4+ Ke5 48. Qg3+ Kd4 49. Qg4+ Kc3 50. Qe6 Qd4 51. Qe2 Ne5 52. Qe1+ Kb3 53. Qe2 Nxf3 54. Qxf3+ Kb4 55. Qf7 Qe4+ 56. f3 Qc2+ 57. Kg3 c4 58. Qf4 Kb3 59. Qb8+ Kc3 60. Qc7 Kd2 61. Qe5 c3 62. Qf4+ Kd1 63. Qe4 Qxe4 64. fxe4 c2 65. e5 c1=Q 66. e6 Qg5+ 67. Kf3 Qf6+ 68. Kg3 Qxe6 69. Kh4 Qf5 70. Kg3 g5 71. Kh2 Qg4 72. Kh1 Ke2 73. Kh2 Kf2 74. Kh1 Qg2# 0-1


[Site "https://www.chess.com"]

[Event "Titled Tuesday Blitz December 06 Late 2022"]
[White "Stoleriu, George"]
[Black "Manukyan, Sargis A."]
[WhiteFideId "1227505"]
[BlackFideId "13303970"]
[WhiteElo "2699"]
[BlackElo "2568"]
[Result "1-0"]
[Round "06"]
[TimeControl "180+1"]
[Date "2022.12.07"]
[WhiteClock "0:00:24"]
[BlackClock "0:00:11"]

1. e4 c5 2. Nc3 Nc6 3. Bb5 g6 4. Bxc6 bxc6 5. f4 Bg7 6. d3 d6 7. Nf3 Nh6 8. O-O O-O 9. Qe1 f6 10. Bd2 Rb8 11. b3 Nf7 12. Na4 e5 13. c4 Bg4 14. h3 Bxf3 15. Rxf3 exf4 16. Bxf4 Ne5 17. Bxe5 fxe5 18. Qe3 Rxf3 19. Qxf3 Qf6 20. Rf1 Qxf3 21. Rxf3 Rf8 22. Kf2 Rxf3+ 23. Kxf3 Kf7 24. Nc3 Bh6 25. Ne2 Ke6 26. h4 Bd2 27. g4 Kd7 28. g5 Be1 29. Kg4 Ke6 30. Kh3 Bf2 31. Nc3 Be1 32. Nd1 Bd2 33. Nf2 h5 34. gxh6 Bxh6 35. Kg4 Bd2 36. Nh3 Kf6 37. h5 gxh5+ 38. Kxh5 Bc1 39. Nf2 Bd2 40. Ng4+ Ke6 41. Kg6 Bf4 42. Nf6 Bg3 43. Nh5 Be1 44. Ng7+ Ke7 45. Nf5+ Ke6 46. Ng7+ Ke7 47. Kf5 Bh4 48. Nh5 Kf7 49. Kg4 Be1 50. Kg5 Ke6 51. Kg6 Bd2 52. Nf6 Be1 53. Ne8 Ba5 54. Ng7+ Ke7 55. a3 Bd2 56. Nf5+ Ke6 57. Kg7 Ba5 58. Kf8 d5 59. Ke8 Bb6 60. a4 Ba5 61. Ng7+ Kf6 62. Nf5 Ke6 63. Ne3 dxe4 64. dxe4 Bb6 65. Ng4 Ba5 66. Nh6 Kf6 67. Kd7 Kg5 68. Nf5 Kf4 69. Nd6 Bb4 70. Kxc6 Ba3 71. Kd5 Bb4 72. Nf7 Bc3 73. Nd8 Bd4 74. Ne6+ Ke3 75. Nd8 Kd3 76. Nc6 Kc3 77. a5 Kxb3 78. a6 Ka4 79. Kd6 Bb2 80. Kc7 Kb3 81. Nxa7 Kxc4 82. Nc6 Kd3 83. a7 Kxe4 84. a8=Q Kf3 85. Nxe5+ Kf4 86. Nd3+ Ke3 87. Nxb2 c4 88. Nxc4+ Kd3 89. Qd5+ Kc2 90. Qd2+ Kb3 91. Qb2+ Ka4 92. Nd6 Ka5 93. Qb5# 1-0


[Site "https://www.chess.com"]

[Event "Titled Tuesday Blitz December 06 Late 2022"]
[White "Suder, Jakub"]
[Black "Sivakumar, Shaaketh"]
[WhiteFideId "1195310"]
[BlackFideId "30940176"]
[WhiteElo "2655"]
[BlackElo "2465"]
[Result "1-0"]
[Round "06"]
[TimeControl "180+1"]
[Date "2022.12.07"]
[WhiteClock "0:01:56"]
[BlackClock "0:02:16"]

1. d4 e6 2. c4 b6 3. Nc3 Bb7 4. a3 Nf6 5. Nf3 g6 6. d5 Bg7 7. e4 exd5 8. exd5 O-O 9. Be2 c6 10. O-O cxd5 11. cxd5 d6 12. Re1 Nbd7 13. Bf4 Nc5 14. h3 Rc8 15. Bf1 a6 16. Rc1 b5 17. b4 Na4 18. Nxa4 bxa4 19. Rxc8 Qxc8 20. Qxa4 Rd8 21. Bg5 Bxd5 22. Qxa6 Qf5 23. Qb6 Ra8 24. Bxf6 Bxf6 25. Qxd6 Bxf3 26. gxf3 Rxa3 27. Re8+ Kg7 28. Qf8# 1-0


[Site "https://www.chess.com"]

[Event "Titled Tuesday Blitz December 06 Late 2022"]
[White "Sukandar, Irine Kharisma"]
[Black "Boyer, Mahel"]
[WhiteFideId "7101937"]
[BlackFideId "45102422"]
[WhiteElo "2539"]
[BlackElo "2673"]
[Result "0-1"]
[Round "06"]
[TimeControl "180+1"]
[Date "2022.12.07"]
[WhiteClock "0:00:33"]
[BlackClock "0:00:08"]

1. e4 Nc6 2. Nf3 d5 3. exd5 Qxd5 4. Nc3 Qh5 5. Be2 Bg4 6. O-O O-O-O 7. h3 Bxh3 8. Ne1 Qg6 9. Bh5 Qe6 10. gxh3 g6 11. Bg4 f5 12. Qe2 Qf6 13. Bf3 Nd4 14. Qe3 e5 15. Bg2 Bh6 16. Qd3 Ne7 17. Qc4 g5 18. d3 g4 19. hxg4 Rhg8 20. Bxh6 Qxh6 21. Qf7 Ng6 22. Nd5 Rg7 23. g5 Ne2# 0-1


[Site "https://www.chess.com"]

[Event "Titled Tuesday Blitz December 06 Late 2022"]
[White "Szyszylo, Rafal"]
[Black "Antonio, Jorge Carlos"]
[WhiteFideId "1109626"]
[BlackFideId "113190"]
[WhiteElo "1981"]
[BlackElo "2247"]
[Result "1-0"]
[Round "06"]
[TimeControl "180+1"]
[Date "2022.12.07"]
[WhiteClock "0:00:20"]
[BlackClock "0:00:17"]

1. e4 c5 2. Nf3 e6 3. d4 cxd4 4. Nxd4 a6 5. Nc3 Nc6 6. Be3 Bb4 7. Be2 Nf6 8. O-O Bxc3 9. bxc3 Nxe4 10. Nxc6 bxc6 11. Bf3 Nxc3 12. Qd4 Nd5 13. Bxd5 cxd5 14. Qxg7 Rf8 15. Bh6 Qe7 16. Qxh7 Bb7 17. Rab1 O-O-O 18. Bxf8 Rxf8 19. Rb3 a5 20. Rfb1 Bc6 21. Rb8+ Kc7 22. Rxf8 Qxf8 23. h4 Qa3 24. Qxf7 Qxa2 25. Rc1 Qb2 26. Qf4+ Kc8 27. h5 a4 28. h6 a3 29. h7 a2 30. Kh2 Qh8 31. Qh6 d4 32. Ra1 Bd5 33. g4 Qe5+ 34. f4 Qe2+ 35. Kh3 Qg2+ 36. Kh4 Qf2+ 37. Kg5 e5 38. h8=Q+ Kc7 39. Qxe5+ Kd8 40. Qf8# 1-0


[Site "https://www.chess.com"]

[Event "Titled Tuesday Blitz December 06 Late 2022"]
[White "Tanenbaum, Zachary"]
[Black "Tang, Andrew"]
[WhiteFideId "2060850"]
[BlackFideId "2059630"]
[WhiteElo "2175"]
[BlackElo "2582"]
[Result "0-1"]
[Round "06"]
[TimeControl "180+1"]
[Date "2022.12.06"]
[WhiteClock "0:00:56"]
[BlackClock "0:00:30"]

1. e4 e5 2. Nf3 Nc6 3. Bc4 Bc5 4. c3 Nf6 5. d3 a6 6. Nbd2 Ba7 7. a4 O-O 8. Nf1 d5 9. exd5 Nxd5 10. Ng3 Re8 11. O-O h6 12. Re1 Be6 13. h3 Qf6 14. Nh5 Qf5 15. Nh4 Qh7 16. Qf3 Rad8 17. Ng3 g5 18. Nhf5 Nf4 19. Bxe6 fxe6 20. Ne3 Nxd3 21. Rd1 Rf8 22. Qg4 Qg6 23. Ne4 Rf4 24. Qe2 Qxe4 25. Qh5 Rxf2 26. Rxd3 Rxg2+ 27. Kf1 Rf8+ 0-1


[Site "https://www.chess.com"]

[Event "Titled Tuesday Blitz December 06 Late 2022"]
[White "Therrien, Alex L"]
[Black "Polster, Christian"]
[WhiteFideId "412856"]
[BlackFideId "12965081"]
[WhiteElo "2214"]
[BlackElo "2195"]
[Result "1-0"]
[Round "06"]
[TimeControl "180+1"]
[Date "2022.12.07"]
[WhiteClock "0:00:03"]
[BlackClock "0:00:01"]

1. d4 d5 2. c4 e6 3. Nf3 c5 4. cxd5 exd5 5. g3 Nc6 6. Bg2 Nf6 7. O-O h6 8. Nc3 Be6 9. Bf4 Be7 10. Rc1 O-O 11. dxc5 Bxc5 12. Na4 Be7 13. Nc5 Qb6 14. Nb3 Rfd8 15. Nfd4 Nxd4 16. Qxd4 Qxd4 17. Nxd4 Rdc8 18. Rfd1 a6 19. h3 Rxc1 20. Rxc1 Rc8 21. Rd1 Kf8 22. a3 Ke8 23. Bd2 Bd7 24. Bc3 Ne4 25. Be1 Bf6 26. e3 Ke7 27. Bf1 Ke8 28. Kh2 Rc7 29. Bd3 Nc5 30. Be2 Ne6 31. Bc3 Nxd4 32. exd4 Be6 33. Bf3 Kd7 34. h4 Rc4 35. Be2 Rc8 36. h5 Be7 37. Kg2 Bf5 38. f3 Bf6 39. g4 Be6 40. Rd2 Re8 41. Bd3 Bg5 42. Re2 f6 43. Kg3 Bf7 44. Rxe8 1-0


[Site "https://www.chess.com"]

[Event "Titled Tuesday Blitz December 06 Late 2022"]
[White "Timmermans, Mark"]
[Black "Bok, Benjamin"]
[WhiteFideId "1026399"]
[BlackFideId "1017063"]
[WhiteElo "2460"]
[BlackElo "2658"]
[Result "0-1"]
[Round "06"]
[TimeControl "180+1"]
[Date "2022.12.06"]
[WhiteClock "0:00:18"]
[BlackClock "0:00:18"]

1. b4 g6 2. Bb2 Nf6 3. c4 Bg7 4. a4 O-O 5. b5 d6 6. e3 e5 7. Nc3 Re8 8. Nf3 e4 9. Nd4 Nbd7 10. Be2 Nc5 11. O-O Qe7 12. Qc2 h5 13. f3 Rb8 14. Rae1 Bd7 15. Ba3 c6 16. fxe4 Nfxe4 17. Nxe4 Qxe4 18. Bxc5 dxc5 19. Qxe4 Rxe4 20. Bf3 Re7 21. Nb3 cxb5 22. axb5 Be6 23. Na5 Rd8 24. Rd1 Rdd7 25. d3 Bc3 26. Nb3 b6 27. Bc6 Rd6 28. e4 Bg4 29. Bd5 Bxd1 30. Rxd1 Kg7 31. Rc1 Be5 32. Rc2 f5 33. Ra2 Rf6 34. g3 f4 35. gxf4 Rxf4 36. Nc1 g5 37. Ne2 Rf3 38. Ra3 g4 39. Kg2 h4 40. h3 Rxh3 41. d4 Rxa3 0-1


[Site "https://www.chess.com"]

[Event "Titled Tuesday Blitz December 06 Late 2022"]
[White "Toncheva, Nadya"]
[Black "Hoffmann, Asa"]
[WhiteFideId "2924056"]
[BlackFideId "2001470"]
[WhiteElo "2101"]
[BlackElo "2117"]
[Result "1-0"]
[Round "06"]
[TimeControl "180+1"]
[Date "2022.12.07"]
[WhiteClock "0:00:15"]
[BlackClock "0:00:31"]

1. e4 d6 2. d4 Nf6 3. Nc3 c6 4. f4 Qa5 5. Bd3 e5 6. Nf3 exd4 7. Nxd4 Qb6 8. Nf3 Be7 9. Qe2 O-O 10. a3 Nbd7 11. Bd2 Nc5 12. O-O-O Bg4 13. h3 Bxf3 14. Qxf3 Nxd3+ 15. Qxd3 Rad8 16. g4 Nd7 17. Be3 Qa5 18. g5 Nc5 19. Qe2 Na4 20. Nxa4 Qxa4 21. Bd4 Rfe8 22. h4 b5 23. h5 b4 24. Rh3 d5 25. h6 g6 26. b3 Qxa3+ 27. Bb2 Qa5 28. f5 Bxg5+ 29. Kb1 Rxe4 30. Qg2 Be7 31. Rf1 Qc7 32. fxg6 fxg6 33. Qxg6+ hxg6 34. h7# 1-0


[Site "https://www.chess.com"]

[Event "Titled Tuesday Blitz December 06 Late 2022"]
[White "Urbina Perez, Juan Antonio"]
[Black "Cuevas Araya, Walter"]
[WhiteFideId "2217368"]
[BlackFideId "3405028"]
[WhiteElo "2197"]
[BlackElo "1957"]
[Result "1/2-1/2"]
[Round "06"]
[TimeControl "180+1"]
[Date "2022.12.07"]
[WhiteClock "0:01:27"]
[BlackClock "0:00:44"]

1. e4 c6 2. d4 d5 3. e5 Bf5 4. Bd3 Bxd3 5. Qxd3 e6 6. c3 c5 7. Nf3 Nc6 8. O-O cxd4 9. cxd4 Nge7 10. Bg5 h6 11. Bxe7 Bxe7 12. Nc3 O-O 13. Rfc1 a6 14. a3 Rc8 15. Rc2 b5 16. Rac1 Na5 17. Nb1 Rxc2 18. Qxc2 Nc4 19. a4 Qb8 20. b3 Nb6 21. a5 Nd7 22. Qc7 Rd8 23. Qxb8 Nxb8 24. Kf1 Kf8 25. Ke2 Ke8 26. Kd3 Kd7 27. Ne1 Nc6 28. f4 g6 29. Nd2 Bb4 30. Nc2 Bxa5 31. Ra1 Bxd2 32. Kxd2 a5 33. Kd3 Ra8 34. Na3 Rb8 35. Nc2 Ra8 36. Na3 Rb8 37. Nc2 Ra8 1/2-1/2


[Site "https://www.chess.com"]

[Event "Titled Tuesday Blitz December 06 Late 2022"]
[White "Van Dael, Siem"]
[Black "Zierk, Steven"]
[WhiteFideId "1049771"]
[BlackFideId "2034255"]
[WhiteElo "2336"]
[BlackElo "2494"]
[Result "1/2-1/2"]
[Round "06"]
[TimeControl "180+1"]
[Date "2022.12.06"]
[WhiteClock "0:00:25"]
[BlackClock "0:00:44"]

1. e4 e6 2. d4 d5 3. Nc3 Bb4 4. e5 c5 5. a3 Bxc3+ 6. bxc3 Qa5 7. Bd2 Qa4 8. h4 b6 9. h5 Ne7 10. h6 gxh6 11. Nf3 Nbc6 12. Bd3 Ba6 13. Rxh6 cxd4 14. cxd4 Bxd3 15. cxd3 Qxd1+ 16. Rxd1 Nf5 17. Rf6 Ncxd4 18. Ng5 O-O 19. g4 Nh4 20. Bb4 Nc2+ 21. Kd2 Nxb4 22. axb4 Ng6 23. f4 Kg7 24. Rh1 h6 25. Nf3 a5 26. bxa5 Rxa5 27. f5 Nxe5 28. Nxe5 Kxf6 29. Nd7+ Ke7 30. Nxf8 Kxf8 31. Rxh6 Ke7 32. f6+ Kd6 33. Rh7 Ra4 34. Rxf7 Rxg4 35. Rb7 Rf4 36. Rxb6+ Ke5 37. Ke3 d4+ 38. Ke2 Kxf6 39. Rb5 Rh4 40. Kf3 e5 41. Rb8 Rh3+ 42. Ke2 Rh2+ 43. Kf3 Rd2 44. Ke4 Re2+ 45. Kd5 Re3 46. Rf8+ Kg5 47. Rf1 Kg4 48. Rf8 Kg3 49. Rf5 Rxd3 50. Kxe5 Rd1 51. Ke4 d3 52. Ke3 d2 53. Ke2 Rh1 1/2-1/2


[Site "https://www.chess.com"]

[Event "Titled Tuesday Blitz December 06 Late 2022"]
[White "Vlassov, Nikolai"]
[Black "Eljanov, Pavel"]
[WhiteFideId "4103360"]
[BlackFideId "14102951"]
[WhiteElo "2324"]
[BlackElo "2598"]
[Result "0-1"]
[Round "06"]
[TimeControl "180+1"]
[Date "2022.12.06"]
[WhiteClock "0:00:05"]
[BlackClock "0:00:19"]

1. e4 c6 2. d4 d5 3. e5 Bf5 4. Nf3 e6 5. Be2 Nd7 6. O-O a5 7. c4 dxc4 8. Bxc4 Ne7 9. Nc3 Nb6 10. b3 Ned5 11. Nxd5 Nxd5 12. Bg5 Be7 13. Qd2 h6 14. Bxe7 Nxe7 15. Rfd1 O-O 16. Qf4 Qb6 17. h4 a4 18. h5 Bc2 19. Rdc1 axb3 20. axb3 Rxa1 21. Rxa1 Rd8 22. g4 Qb4 23. g5 Nf5 24. g6 Bxb3 25. gxf7+ Kf8 26. Bxb3 Qxb3 27. Ra7 Kxf7 28. Qg4 Kg8 29. Qg6 Qxf3 30. Qxe6+ Kh8 31. Rxb7 Qg4+ 32. Kh2 Qxh5+ 33. Kg2 Qg4+ 34. Kh2 Rf8 35. Qxc6 Qf4+ 36. Kg1 Qxf2+ 37. Kxf2 Nxd4+ 38. Ke3 Nxc6 39. Ke4 Re8 0-1


[Site "https://www.chess.com"]

[Event "Titled Tuesday Blitz December 06 Late 2022"]
[White "Weisz, Bryan"]
[Black "Bogaudinov, Rushan"]
[WhiteFideId "30934133"]
[BlackFideId "4129288"]
[WhiteElo "2301"]
[BlackElo "2028"]
[Result "0-1"]
[Round "06"]
[TimeControl "180+1"]
[Date "2022.12.07"]
[WhiteClock "0:00:07"]
[BlackClock "0:00:12"]

1. e4 a6 2. d4 e6 3. c4 c5 4. d5 d6 5. Nc3 Nf6 6. f4 Qc7 7. Nf3 exd5 8. cxd5 Bg4 9. h3 Bxf3 10. Qxf3 Be7 11. g4 O-O 12. g5 Nfd7 13. h4 b5 14. h5 b4 15. Nd1 c4 16. Ne3 Nb6 17. Nf5 Re8 18. g6 hxg6 19. hxg6 fxg6 20. Nd4 Bf6 21. Ne6 Qb7 22. Be3 Nxd5 23. exd5 Rxe6 24. Bh3 Re8 25. Kf2 Nd7 26. Be6+ Rxe6 27. dxe6 Qxf3+ 28. Kxf3 Nf8 29. Rac1 Rc8 30. Rhd1 Nxe6 31. Rxd6 Kf7 32. Rc2 a5 33. Ra6 Nd4+ 34. Bxd4 Bxd4 35. Rxa5 c3 36. bxc3 bxc3 37. Rd5 Bf6 38. a4 Ra8 39. a5 Ra6 40. Ke4 Ke6 41. Rb5 Kd7 42. Kd3 Kc6 43. Kc4 Ra8 44. Rc5+ Kd6 45. Rg2 Ke6 46. Kd3 Rd8+ 47. Kc2 Rd4 48. a6 Ra4 49. Rxg6 Rxa6 50. f5+ Kd6 51. Rb5 Ra2+ 52. Kb1 Rf2 53. Rg1 Kc6 54. Ra5 Kb6 55. Ra2 Rxf5 56. Rc2 Kc6 57. Kc1 Kd5 58. Rd1+ Kc4 59. Rg1 Bg5+ 60. Kb1 Rb5+ 61. Ka1 Kb3 62. Ra2 Bf6 63. Rb1+ Kc4 64. Ra4+ Kc5 65. Ka2 c2 66. Rc1 Rb2+ 67. Ka3 Kb5 68. Rf4 Be5 69. Rf5 Rb1 70. Rxe5+ Kc4 71. Rxc2+ Kd4 72. Rb5 Rxb5 73. Rg2 Rb7 74. Rg4+ Ke3 75. Rg6 Ke4 76. Rg1 Kf5 77. Rf1+ Ke6 78. Rg1 Kf6 79. Rf1+ Ke7 80. Rg1 Kf7 81. Rf1+ Kg8 82. Rf2 Rb8 83. Rf3 g6 84. Rf1 Kg7 85. Rf2 Kh6 86. Rh2+ Kg7 87. Rf2 Rb5 88. Ka4 Rf5 89. Rg2 g5 90. Kb4 Kf6 91. Kc4 Re5 92. Kd4 Re1 93. Rf2+ Kg6 94. Rf8 Kh5 95. Rf2 g4 96. Kd3 Kh4 97. Kd2 Re8 98. Rf7 g3 99. Rh7+ Kg4 100. Rg7+ Kf3 101. Rf7+ Kg2 102. Rh7 Kg1 103. Rg7 g2 104. Kd3 Kf2 105. Rf7+ Kg1 106. Rg7 Re5 107. Kd4 Re2 108. Kd3 Rf2 109. Ke3 Kf1 110. Ra7 g1=Q 111. Ra1+ Kg2 112. Ra7 Qe1+ 113. Kd3 Rd2+ 114. Kc3 Qc1+ 115. Kb3 Rb2+ 116. Ka3 Qa1# 0-1


[Site "https://www.chess.com"]

[Event "Titled Tuesday Blitz December 06 Late 2022"]
[White "Winterberg, Lukas"]
[Black "Gallo Garcia, Kemel Antonio"]
[WhiteFideId "24622702"]
[BlackFideId "3523896"]
[WhiteElo "2350"]
[BlackElo "2359"]
[Result "0-1"]
[Round "06"]
[TimeControl "180+1"]
[Date "2022.12.06"]
[WhiteClock "0:01:19"]
[BlackClock "0:01:30"]

1. Nf3 Nf6 2. c4 b6 3. g3 Bb7 4. Bg2 e6 5. O-O Be7 6. d4 O-O 7. Re1 Ne4 8. Ng5 Bxg5 9. Qc2 Bxc1 10. Rxc1 f5 11. Nd2 Nd6 12. c5 Bxg2 13. cxd6 Bc6 14. dxc7 Qxc7 15. d5 exd5 16. Nf3 Na6 17. Qd2 f4 18. b4 fxg3 19. hxg3 Qd6 20. Nd4 Qxb4 21. Qd3 Nc5 22. Qd1 Qa4 23. Qd2 Ne4 24. Qe3 Rae8 0-1


[Site "https://www.chess.com"]

[Event "Titled Tuesday Blitz December 06 Late 2022"]
[White "Yeritsyan, Hayk"]
[Black "Zhu, Jiner"]
[WhiteFideId "13307320"]
[BlackFideId "8608059"]
[WhiteElo "2420"]
[BlackElo "2384"]
[Result "1-0"]
[Round "06"]
[TimeControl "180+1"]
[Date "2022.12.07"]
[WhiteClock "0:02:53"]
[BlackClock "0:01:55"]

1. d4 Nf6 2. Nf3 c5 3. c3 e6 4. e3 d5 5. Bd3 Nc6 6. Nbd2 Bd6 7. Qe2 O-O 8. O-O b6 9. e4 dxe4 10. Nxe4 Bb7 11. Nxf6+ Qxf6 12. dxc5 Bxc5 13. Bg5 Nd4 14. cxd4 Bxf3 15. Bxf6 Bxe2 16. Bxe2 gxf6 17. dxc5 bxc5 18. Rfd1 1-0


[Site "https://www.chess.com"]

[Event "Titled Tuesday Blitz December 06 Late 2022"]
[White "Yuan, Qingyu"]
[Black "Jarmula, Lukasz"]
[WhiteFideId "8609772"]
[BlackFideId "1160664"]
[WhiteElo "2716"]
[BlackElo "2584"]
[Result "0-1"]
[Round "06"]
[TimeControl "180+1"]
[Date "2022.12.07"]
[WhiteClock "0:00:04"]
[BlackClock "0:00:16"]

1. e4 e6 2. d4 d5 3. Nc3 Nf6 4. e5 Nfd7 5. f4 c5 6. Nf3 Nc6 7. Be3 cxd4 8. Nxd4 Qb6 9. Qd2 Qxb2 10. Rb1 Qa3 11. Bb5 Nxd4 12. Bxd4 a6 13. Bxd7+ Bxd7 14. Rb3 Qe7 15. Rxb7 Qh4+ 16. Bf2 Qd8 17. O-O Rc8 18. Rfb1 Rc4 19. Ra7 Bb4 20. Rb3 Qc8 21. Rxb4 Rxb4 22. h3 Rc4 23. Bd4 g6 24. Kh2 h5 25. Nd1 Rxc2 26. Qb4 Rc4 27. Qb6 O-O 28. Ne3 Ra4 29. Qd6 Rxd4 30. f5 Qb8 31. Rxd7 Qxd6 32. exd6 gxf5 33. Rb7 Rd8 34. d7 Kg7 35. Nc2 Rc4 36. Nb4 a5 37. Na6 Kf6 38. a3 Rc6 39. Nc7 Rxd7 40. Nxd5+ Rxd5 41. Rc7 Rxc7 0-1


[Site "https://www.chess.com"]

[Event "Titled Tuesday Blitz December 06 Late 2022"]
[White "Zhigalko, Sergei"]
[Black "Sadhwani, Raunak"]
[WhiteFideId "13502956"]
[BlackFideId "35093487"]
[WhiteElo "2662"]
[BlackElo "2657"]
[Result "0-1"]
[Round "06"]
[TimeControl "180+1"]
[Date "2022.12.06"]
[WhiteClock "0:00:02"]
[BlackClock "0:00:05"]

1. e4 c6 2. d4 d5 3. e5 Bf5 4. Nf3 e6 5. Be2 Nd7 6. O-O h6 7. Nbd2 Ne7 8. a4 a5 9. Nb3 Qc7 10. Bd2 g5 11. h4 g4 12. Ne1 h5 13. Nd3 Ng6 14. Bg5 Be7 15. Bxe7 Kxe7 16. g3 f6 17. exf6+ Nxf6 18. Re1 Ne4 19. Kg2 Raf8 20. Qc1 Kd8 21. Qe3 Kc8 22. Rac1 Rhg8 23. Rg1 Nxh4+ 24. gxh4 g3 25. f3 Bh3+ 26. Kxh3 g2 27. f4 Rg3+ 28. Qxg3 Nxg3 29. Kxg3 Rg8+ 30. Kf2 Qe7 31. Rxg2 Qxh4+ 32. Kg1 Rg3 33. Rf1 Qh3 34. Ne1 h4 35. Rf3 Rxg2+ 36. Nxg2 Qf5 37. Nxh4 Qxc2 38. Kf2 b6 39. Ng2 Kc7 40. Ne1 Qxb2 41. Kf1 Qa2 42. Re3 Qxa4 43. Nc2 Qa2 44. Ne1 a4 45. Nc1 Qb2 46. Ncd3 Qxd4 47. Rxe6 a3 48. Ne5 Qxf4+ 49. N1f3 Qc1+ 50. Kg2 a2 51. Nd4 Qg5+ 52. Kf2 Qf4+ 53. Ndf3 a1=Q 54. Rxc6+ Kd8 55. Rd6+ Kc7 56. Rd7+ Kc8 57. Rxd5 b5 58. Rxb5 Qa7+ 59. Kg2 Qg7+ 60. Kf2 Qgg3+ 0-1


[Site "https://www.chess.com"]

[Event "Titled Tuesday Blitz December 06 Late 2022"]
[White "Adla, Diego"]
[Black "Shohat, Yotam"]
[WhiteFideId "100072"]
[BlackFideId "2813955"]
[WhiteElo "2377"]
[BlackElo "2216"]
[Result "1-0"]
[Round "07"]
[TimeControl "180+1"]
[Date "2022.12.07"]
[WhiteClock "0:00:17"]
[BlackClock "0:00:02"]

1. Nf3 Nf6 2. g3 g6 3. b3 Bg7 4. Bb2 O-O 5. Bg2 d6 6. d4 a5 7. O-O a4 8. c4 axb3 9. axb3 Rxa1 10. Bxa1 Na6 11. Nc3 c6 12. h3 Qb6 13. e4 Nd7 14. Re1 e5 15. Na4 Qa7 16. Bf1 exd4 17. Nxd4 Nac5 18. Nxc5 Nxc5 19. b4 Na6 20. Qd2 Qb6 21. Bc3 Re8 22. Bg2 h5 23. Rb1 c5 24. Nb5 cxb4 25. Bxg7 Kxg7 26. Nxd6 Rd8 27. e5 Be6 28. Bd5 Nc7 29. Bxe6 Nxe6 30. Qxb4 Qd4 31. Qb2 Qd3 32. Re1 Nd4 33. Re3 Qd1+ 34. Kg2 Ne6 35. Qxb7 Rf8 36. Qd5 Qc1 37. Ne4 h4 38. Nf6 hxg3 39. Kxg3 Qg1+ 40. Qg2 Qc1 41. Kh2 Qxc4 42. Qg3 Rh8 43. Ng4 Nf4 44. Qg1 1-0


[Site "https://www.chess.com"]

[Event "Titled Tuesday Blitz December 06 Late 2022"]
[White "Aghasiyev, Kamal"]
[Black "Baskakov, Egor"]
[WhiteFideId "13402854"]
[BlackFideId "24197866"]
[WhiteElo "2341"]
[BlackElo "2212"]
[Result "0-1"]
[Round "07"]
[TimeControl "180+1"]
[Date "2022.12.07"]
[WhiteClock "0:00:02"]
[BlackClock "0:00:12"]

1. d4 Nf6 2. c4 e6 3. Nc3 d5 4. cxd5 Nxd5 5. e4 Nxc3 6. bxc3 b6 7. Nf3 Bb7 8. Bb5+ c6 9. Bd3 Nd7 10. O-O Be7 11. a4 c5 12. a5 cxd4 13. cxd4 bxa5 14. Bd2 Bb4 15. Qb3 Qe7 16. Rfb1 Nf6 17. Qa4+ Nd7 18. Bxb4 axb4 19. Rxb4 Bc8 20. Rbb1 O-O 21. Qc6 Rb8 22. Qc7 Rxb1+ 23. Rxb1 Qa3 24. Bf1 Nf6 25. Rb8 Bd7 26. Rxf8+ Kxf8 27. Ne5 Be8 28. f3 a5 29. Bb5 Qa1+ 30. Kf2 Qxd4+ 31. Kg3 Nxe4+ 32. fxe4 Qe3+ 33. Kh4 Qf2+ 34. Kh3 Bxb5 35. Qd6+ Ke8 36. Qb8+ Ke7 37. Qxb5 Qe3+ 38. g3 Qxe4 39. Qxa5 h5 40. Qc7+ Kf6 41. Qxf7+ Kxe5 42. Qxg7+ Kd5 43. Qg5+ Kd4 44. Qxh5 e5 45. Qd1+ Qd3 46. Qa1+ Ke4 47. Kg2 Qe2+ 48. Kg1 Qe3+ 49. Kg2 Qd2+ 50. Kg1 Qd4+ 51. Kg2 Qxa1 0-1


[Site "https://www.chess.com"]

[Event "Titled Tuesday Blitz December 06 Late 2022"]
[White "Alex_Sahakyan2006"]
[Black "Danielyan, Vahe"]
[BlackFideId "13304828"]
[WhiteElo "2663"]
[BlackElo "2423"]
[Result "0-1"]
[Round "07"]
[TimeControl "180+1"]
[Date "2022.12.07"]
[WhiteClock "0:00:01"]
[BlackClock "0:00:28"]

1. e4 d6 2. d4 Nf6 3. Nc3 e5 4. Nf3 Nbd7 5. g4 Nxg4 6. Rg1 Ngf6 7. Bc4 c6 8. dxe5 Nxe5 9. Nxe5 dxe5 10. Bxf7+ Ke7 11. Qxd8+ Kxd8 12. f4 Ke7 13. Bb3 exf4 14. Bxf4 Be6 15. e5 Nd5 16. Bg5+ Ke8 17. O-O-O Bc5 18. Nxd5 Bxd5 19. Bxd5 Bxg1 20. Bf3 Bxh2 21. Bh5+ g6 22. Bg4 Bxe5 23. Rd7 h6 24. Bh4 g5 25. Be1 Rd8 26. Rxb7 Bf4+ 27. Kb1 h5 28. Bf3 Rh6 29. Bb4 Rd7 30. Rxd7 Kxd7 31. Bf8 Rh8 32. Bg7 Rh7 0-1


[Site "https://www.chess.com"]

[Event "Titled Tuesday Blitz December 06 Late 2022"]
[White "Ambartsumova, Karina"]
[Black "Meunier, Clement"]
[WhiteFideId "4166299"]
[BlackFideId "20667930"]
[WhiteElo "2319"]
[BlackElo "2233"]
[Result "0-1"]
[Round "07"]
[TimeControl "180+1"]
[Date "2022.12.07"]
[WhiteClock "0:00:12"]
[BlackClock "0:00:06"]

1. Nf3 Nf6 2. g3 b5 3. Bg2 Bb7 4. d4 e6 5. O-O Be7 6. a4 a6 7. c3 O-O 8. Nbd2 b4 9. Qc2 d5 10. c4 c6 11. a5 Nbd7 12. Nb3 dxc4 13. Qxc4 Rc8 14. Ne5 Nxe5 15. dxe5 Nd7 16. f4 Qc7 17. e4 c5 18. Be3 Qc6 19. Rac1 Qb5 20. Rfd1 Rfd8 21. Kf2 Kf8 22. h4 Ke8 23. Kf3 Qxc4 24. Rxc4 Nxe5+ 25. fxe5 Rxd1 26. Ke2 Rb1 27. Rc2 c4 28. Nd2 b3 29. Rxc4 Rxb2 30. Rb4 Bxb4 0-1


[Site "https://www.chess.com"]